 Dungeon Crawl Stone Soup version 0.29-a0-9-g022ca4c890 (webtiles) character file.

Game seed: 15176127258811257077

1174 issech the Cudgeller (level 8, 0/79 HPs)
             Began as a Troll Monk on Jan 27, 2022.
             Slain by a water moccasin (2 damage)
             ... on level 5 of the Dungeon on Jan 28, 2022.
             The game lasted 00:18:32 (4261 turns).

issech the Cudgeller (Troll Monk)                   Turns: 4261, Time: 00:18:33

Health: 0/79       AC:  4    Str: 20    XL:     8   Next: 18%
Magic:  7/7        EV: 11    Int:  6    God:
Gold:   146        SH:  0    Dex: 14    Spells: 7/7 levels left

rFire   . . .      SeeInvis .   a - +0 mace
rCold   . . .      Faith    .   (no shield)
rNeg    + . .      Spirit   .   b - +0 robe
rPois   .          Reflect  .   (helmet restricted)
rElec   .          Harm     .   (no cloak)
rCorr   .          Rampage  .   (gloves unavailable)
Will    .....                   (boots unavailable)
Stlth   ++........              (no amulet)
HPRegen 1.03/turn               F - ring of positive energy
MPRegen 0.10/turn               (no ring)

@: lethally poisoned (0 -> -3)
A: large, unfitting armour, claws 3, regeneration 1, shaggy fur 1, tough skin 1
a: no special abilities


You were on level 5 of the Dungeon.
You visited 1 branch of the dungeon, and saw 5 of its levels.
You also visited: Ossuary.

You collected 146 gold pieces.

Inventory:

Hand Weapons
 a - a +0 mace (weapon)
 r - a +0 shortbow
 A - a +0 falchion of holy wrath
Missiles
 c - 217 stones (quivered)
 g - 71 arrows
 h - 22 bolts
 i - 42 sling bullets
 n - 2 boomerangs
 w - 3 atropa-tipped darts
Armour
 b - a +0 robe (worn)
Magical Staves
 o - a staff of earth
Jewellery
 F - a ring of positive energy (left claw)
Wands
 x - a wand of polymorph (8)
 H - a wand of acid (5)
Scrolls
 d - 4 scrolls of fog
 j - a scroll of amnesia
 k - a scroll of holy word
 p - 2 scrolls of silence
 q - 2 scrolls of enchant armour
 u - a scroll of enchant weapon {unknown}
 y - 2 scrolls of summoning
 D - a scroll of teleportation {unknown}
Potions
 e - 3 potions of invisibility {unknown}
 f - 3 potions of flight {unknown}
 l - 2 potions of brilliance {unknown}
 t - 2 potions of degeneration {unknown}
 v - 4 potions of magic {unknown}
 z - 2 potions of heal wounds {unknown}
 B - a potion of ambrosia {unknown}
 C - 3 potions of curing {unknown}


   Skills:
 + Level 4.5 Fighting
 + Level 6.8 Maces & Flails
 + Level 4.3 Dodging
 + Level 1.8 Stealth


You had 7 spell levels left.
You didn't know any spells.
Your spell library contained the following spells:

 Spells                   Type           Power      Damage    Failure   Level
 Freezing Cloud           Conj/Ice/Air   0%         6-21      100%        5
 Simulacrum               Ice/Necr       0%         N/A       100%        6
 Polar Vortex             Ice            0%         N/A       100%        9


Dungeon Overview and Level Annotations

Branches:
Dungeon (5/15)            Ossuary (visited)
 Temple: D:4-7

Altars:


Innate Abilities, Weirdness & Mutations

You are too large for most types of armour.
You have claws for hands.
Your natural rate of healing is unusually fast.
You are covered in fur. (AC +1)
You have tough skin. (AC +1)


Message History

You feel very sick. The water moccasin bites you.
You are more poisoned.
The water moccasin poisons you! The water moccasin closely misses you.
You feel extremely sick.
You miss the water moccasin.
The water moccasin is lightly wounded.
You feel very sick. The water moccasin bites you! The water moccasin bites you.
You sock the water moccasin!
The water moccasin is heavily wounded.
You feel very sick. The water moccasin closely misses you.
You closely miss the water moccasin.
The water moccasin is heavily wounded.
You feel very sick. The water moccasin misses you.
The water moccasin bites you.
* * * LOW HITPOINT WARNING * * *
You feel very sick.
You feel sick.
You feel sick. The water moccasin barely misses you.
You feel sick.
You feel sick. The water moccasin barely misses you.
You feel sick.
You feel sick. The water moccasin barely misses you.
You feel sick.
You feel sick.
You are no longer poisoned.
The water moccasin bites you.
* * * LOW HITPOINT WARNING * * *
The water moccasin bites you.
* * * LOW HITPOINT WARNING * * *
You are lethally poisoned!
The water moccasin poisons you!
* * * LOW HITPOINT WARNING * * *
You feel very sick.
* * * LOW HITPOINT WARNING * * *
You feel very sick. The water moccasin bites you.
You die...

#.......##..# #.......##.#
#####.......#..######
#...#.........#......
######...#...........###..
#.......................>#
#.####............########
#.###..#S..........#
#.##..###@.......#.#
#....##.##..###.##.#
#...###'###..##.# .# #####
##..#.......#..#.. ..
..... ##..###.....###..# #
##### ##..##.##...##.##..#
. ....
##..###'###.###'###....
####
#.....................# #
####.#####..#.....##### #.


You could see a water moccasin.

Vanquished Creatures
  An ogre (D:5)
  A centaur (D:5)
  A scorpion (D:4)
  5 water moccasin zombies
  A howler monkey (D:5)
  4 orc priests
  2 centaur skeletons (D:4)
  2 iguanas (D:4)
  4 orc wizards
  3 mummies
  3 gnolls (D:2)
  11 adders
  An ufetubus (D:4)
  5 adder zombies (Ossuary)
  A worm (D:4)
  6 dart slugs
  14 orcs
  10 ball pythons
  7 bats
  3 endoplasms
  2 giant cockroaches
  4 gnoll zombies (Ossuary)
  4 goblins
  7 hobgoblins
  7 jackals
  2 quokkas
  A frilled lizard (D:1)
  A goblin zombie (D:5)
  5 hobgoblin zombies (Ossuary)
  6 kobolds
  5 kobold zombies (Ossuary)
  9 orc zombies
138 creatures vanquished.

Notes
Turn   | Place    | Note
-------+----------+-------------------------------------------
     0 | D:1      | issech the Troll Monk began the quest for the Orb.
     0 | D:1      | Reached XP level 1. HP: 22/22 MP: 0/0
   245 | D:1      | Reached XP level 2. HP: 25/29 MP: 1/1
   292 | D:1      | Reached skill level 3 in Maces & Flails
   471 | D:1      | Reached XP level 3. HP: 36/36 MP: 2/2
   842 | D:2      | Reached XP level 4. HP: 31/44 MP: 3/3
  1200 | D:2      | Reached XP level 5. HP: 53/53 MP: 4/4
  1564 | D:3      | Reached skill level 4 in Maces & Flails
  2561 | D:4      | Reached XP level 6. HP: 39/61 MP: 5/5
  2750 | D:4      | Reached skill level 5 in Maces & Flails
  3028 | D:4      | Reached XP level 7. HP: 68/68 MP: 6/6
  3110 | D:4      | Upgraded the game from 0.29-a0-8-g0446c0dae4 to
                  | 0.29-a0-9-g022ca4c890
  3283 | D:5      | Entered Level 5 of the Dungeon
  3606 | D:5      | Found a sand-covered staircase.
  3640 | Ossuary  | Entered an ossuary
  3742 | Ossuary  | Reached skill level 6 in Maces & Flails
  3902 | Ossuary  | Reached XP level 8. HP: 78/79 MP: 7/7
  4021 | Ossuary  | Identified a scroll of acquirement
  4022 | Ossuary  | Acquired 1031 gold pieces
  4261 | D:5      | HP: 2/79 [poisoned by a water moccasin]
  4261 | D:5      | Slain by a water moccasin

Illustrated notes

Levels and vault maps discovered:
D:1:      scummos_arrival_forest, layout_rooms
D:2:      layout_rooms
D:3:      layout_basic, serial_glass, glass_columns_b, glass_columns_a,
          item_on_display_a, minmay_strange_pillars, item_on_display_a,
          grunt_decor_mini_mirrors
D:4:      layout_loops_ring
D:5:      layout_rooms, mainiacjoe_overflow_alcove_4,
          nicolae_qazlal_style_of_elements, nicolae_ossuary_entry_giza,
          grunt_decor_fettered

Skill      XL: |  1  2  3  4  5  6  7 |
---------------+----------------------+-----
Maces & Flails | 3 4 5 6 |  6.8
Dodging        | 3 4 |  4.3
Fighting       | 3 4 |  4.5
Stealth        | |  1.8

Action                   |  1- 3 |  4- 6 |  7- 9 || total
-------------------------+-------+-------+-------++-------
Melee: Mace              |   114 |   246 |   283 ||   643
       Punch             |     2 |     3 |     5 ||    10
  Use: Scroll            |       |     1 |     8 ||     9
 Stab: Sleeping          |     1 |     1 |     3 ||     5
Armor: Robe              |    56 |    81 |    77 ||   214
Dodge: Dodged            |    73 |   155 |   143 ||   371

Table legend: (Time is in decaauts)
 A = Elapsed time spent in this place.
 B = Non-inter-level travel time spent in this place.
 C = Inter-level travel time spent in this place.
 D = Time resting spent in this place.
 E = Time spent auto-exploring this place.
 F = Levels seen in this place.
 G = Mean time per level.
                   A        B        C        D        E       F      G
               +--------+--------+--------+--------+--------+-----+--------+
         Total |   4364 |   4273 |     91 |    311 |   1806 |   6 |  727.3 |
       Dungeon |   3954 |   3863 |     91 |    241 |   1806 |   5 |  790.8 |
       Ossuary |    410 |    410 |      0 |     70 |      0 |   1 |  410.0 |
               +--------+--------+--------+--------+--------+-----+--------+

Top non-repeatable levels by time:
     D:4: 1103 daAuts
     D:3: 1063 daAuts
     D:2: 751 daAuts
     D:1: 609 daAuts
     D:5: 427 daAuts
 Ossuary: 410 daAuts
